 Dungeon Crawl Stone Soup version 0.30.0-29-ga12c61a403 (webtiles) character file.

Game seed: 5767632719817165995

209 Sabo the Chopper (level 5, 0/42 HPs)
             Began as a Demonspawn Monk on June 18, 2023.
             Succumbed to alvan145's ghost's poison
             ... on level 4 of the Dungeon.
             The game lasted 00:22:45 (4825 turns).

Sabo the Chopper (Demonspawn Monk)                  Turns: 4825, Time: 00:22:46

Health: 0/42       AC: 10    Str: 13    XL:     5   Next: 55%
Magic:  5/5        EV:  7    Int: 14    God:
Gold:   305        SH:  0    Dex: 15    Spells: 4/4 levels left

rFire   . . .        r - +0 war axe
rCold   . . .        d - orb {light}
rNeg    . . .        s - +0 chain mail
rPois   .            n - +1 helmet
rElec   .            (no cloak)
rCorr   .            (no gloves)
SInv    .            (no boots)
Will    .....        u - amulet of magic regeneration Stlth
                     (no ring)
HPRegen 1.07/turn    (no ring)
MPRegen 0.49/turn

%: no passive effects
@: lethally poisoned (0 -> -6), flying, glowing
A: powered by pain 1, spiny 1, big brain 1, claws 1, regeneration 1
a: no special abilities


You were on level 4 of the Dungeon.
You visited 1 branch of the dungeon, and saw 7 of its levels.

You collected 305 gold pieces.

Inventory:

Hand Weapons
 p - the +5 quarterstaff "Tunou" {antimagic, *Slow rC+ Str+5}
   (You found it on level 2 of the Dungeon)

   Str:       It affects your strength (+5).
   rC:        It protects you from cold.
   *Slow:     It may slow you when you take damage.
 r - a +0 war axe (weapon)
 y - the +3 quarterstaff of the Head {protect, Will++ Stlth+}
   (You found it on level 4 of the Dungeon)

   Will:      It greatly increases your willpower.
   Stlth:     It makes you more stealthy.
Missiles
 a - 4 poisoned darts
 m - 8 boomerangs (quivered)
Armour
 d - an orb of light (worn)
 n - a +1 helmet (worn)
 s - a +0 chain mail (worn)
Jewellery
 u - an amulet of magic regeneration (around neck)
Wands
 v - a wand of quicksilver (18)
Scrolls
 c - a scroll of identify {unknown}
 e - a scroll of poison
 f - 2 scrolls of magic mapping
 k - a scroll of vulnerability {unknown}
 o - a scroll of amnesia {unknown}
 t - 2 scrolls of enchant armour {unknown}
 x - a scroll of brand weapon {unknown}
 A - a scroll of teleportation {unknown}
 B - a scroll of fog {unknown}
Potions
 b - a potion of resistance {unknown}
 g - a potion of mutation
 i - a potion of curing {unknown}
 j - 2 potions of attraction {unknown}
 l - 2 potions of berserk rage {unknown}
 q - a potion of ambrosia
 w - a potion of cancellation {unknown}
 z - 2 potions of lignification {unknown}


   Skills:
 + Level 3.7 Fighting
 + Level 4.2 Axes
 + Level 2.1 Armour
 + Level 3.2 Dodging
 + Level 0.5 Stealth


You had 4 spell levels left.
You didn't know any spells.
Your spell library contained the following spells:

 Spells                   Type           Power      Damage    Failure   Level
 Shock                    Conj/Air       0%         1d3       99%         1
 Swiftness                Air            0%         N/A       100%        3
 Airstrike                Air            0%         2d(0-16)  100%        4


Dungeon Overview and Level Annotations

Branches:
Dungeon (7/15)
 Temple: D:4-7

Altars:
Hepliaklqana

Shops:
D:1 ([

Annotations:
D:4 alvan145's ghost, amateur HOFi


Innate Abilities, Weirdness & Mutations

You sometimes gain a little power by taking damage.
You are partially covered in sharp spines.
You have an unusually large brain. (Int +2)
You have sharp fingernails.
Your natural rate of healing is unusually fast.


Message History

The wyvern zombie attacks as you move away!
The wyvern zombie bites you but does no damage.
The wyvern zombie attacks as you move away!
The wyvern zombie bites you. The wyvern zombie bites you!
The wyvern zombie attacks as you move away!
The wyvern zombie is struck by your spines.
The wyvern zombie bites you!
You hit the wyvern zombie.
The wyvern zombie is moderately damaged.
The wyvern zombie is struck by your spines.
The wyvern zombie bites you.
The wyvern zombie is struck by your spines.
The wyvern zombie bites you.
* * * LOW HITPOINT WARNING * * *
You completely miss the wyvern zombie.
The wyvern zombie is moderately damaged.
The wyvern zombie closely misses you.
You hit the wyvern zombie but do no damage.
The wyvern zombie is moderately damaged.
The wyvern zombie is struck by your spines.
The wyvern zombie bites you but does no damage.
You hit alvan145's ghost but do no damage.
Alvan145's ghost hits you.
* * * LOW HITPOINT WARNING * * *
You are lethally poisoned!
You hit alvan145's ghost but do no damage.
* * * LOW HITPOINT WARNING * * *
You feel very sick.
Alvan145's ghost hits you but does no damage.
It was a potion of flight.
You feel very buoyant.
You fly up into the air.
* * * LOW HITPOINT WARNING * * *
You feel sick.
Alvan145's ghost hits you but does no damage.
You are more poisoned.
It was a potion of mutation.
You feel extremely strange.
Your fingernails lengthen.
You begin to heal more quickly.
You die...

####.####....###...#.######.#####
#...........##..##.............
#..###.......................##
#..# #.####.##.)####.####.##.#
#..# #.####.##..# #.# #.##.# #..#
#.#........# #.# #.##.#
#..###.#.##.##.## ##.# #.##.#
###........##Z##.# #..# #.##.#
.............ZZW@# #.## #.##.#
.##.###.....#.#### #.# #.##.#
.##.####'''#### #.# #.##.#
.##..#.......########.## #.##)#
.##.###.....##.........# #.##.#
.##.##..[....########..####.##.##
.##.###.$!..#####................
.#...#.(#.#..#.##.###..####.####.
.....#########.........# #.#....


You could see alvan145's ghost, a water moccasin zombie, a wyvern zombie and a
howler monkey skeleton.

Vanquished Creatures
  2 hounds
  Ijyb (D:4)
  3 adders
  A worm (D:4)
  8 orcs
  6 bats
  8 endoplasms
  9 giant cockroaches
  7 goblins
  4 hobgoblins
  5 jackals (D:1)
  5 kobolds
  A quokka (D:2)
  6 ball pythons
  4 frilled lizards
  8 rats
78 creatures vanquished.

Notes
Turn   | Place    | Note
-------+----------+-------------------------------------------
     0 | D:1      | Sabo the Demonspawn Monk began the quest for the Orb.
     0 | D:1      | Reached XP level 1. HP: 18/18 MP: 1/1
   446 | D:1      | Gained mutation: You have an unusually large brain. (Int
                  | +2) [demonic ancestry]
   446 | D:1      | Reached XP level 2. HP: 20/24 MP: 2/2
   454 | D:1      | Reached skill level 3 in Axes
   658 | D:1      | Found Ashaw's Weapon Emporium.
   883 | D:1      | Gained mutation: You are partially covered in sharp spines.
                  | [demonic ancestry]
   883 | D:1      | Reached XP level 3. HP: 29/29 MP: 3/3
   895 | D:1      | Found Uhextan's Armour Shoppe.
  1385 | D:2      | Reached skill level 1 in Armour
  1385 | D:2      | Gained mutation: You sometimes gain a little power by
                  | taking damage. [demonic ancestry]
  1385 | D:2      | Reached XP level 4. HP: 25/35 MP: 4/4
  2297 | D:2      | Identified the +5 quarterstaff "Tunou" {antimagic, *Slow
                  | rC+ Str+5}
  2781 | D:3      | Found a hazy altar of Hepliaklqana.
  3868 | D:4      | Identified the +3 quarterstaff of the Head {protect, Will++
                  | Stlth+}
  3897 | D:4      | Reached skill level 4 in Axes
  3897 | D:4      | Reached XP level 5. HP: 41/41 MP: 5/5
  3952 | D:4      | Noticed Ijyb
  3968 | D:4      | Killed Ijyb
  4173 | D:4      | You fall into a shaft and drop 3 floors!
  4506 | D:5      | Entered Level 5 of the Dungeon
  4626 | D:4      | Found a runed translucent gate.
  4627 | D:4      | Found a runed translucent gate.
  4627 | D:4      | Found a runed translucent gate.
  4660 | D:4      | Noticed alvan145's ghost (amateur HOFi)
  4824 | D:4      | HP: 2/42 [poisoned by alvan145's ghost]
  4825 | D:4      | Gained mutation: You have sharp fingernails. [potion of
                  | mutation]
  4825 | D:4      | Gained mutation: Your natural rate of healing is unusually
                  | fast. [potion of mutation]
  4825 | D:4      | Succumbed to alvan145's ghost's poison

Illustrated notes

Levels and vault maps discovered:
D:1:      dpeg_arrival_water_fire, layout_basic, serial_shops,
          nicolae_shop_real_fake_doors, shop, minmay_bisected
D:2:      layout_basic, minmay_worlds_worst_comb
D:3:      layout_basic, nzn_hepliaklqana_mist_gate,
          ebering_ecumenical_altar_mist
D:4:      layout_loops_ring, gammafunk_ghost_necromancy, dk_noncrumbling_4,
          uniq_ijyb
D:5:      layout_loops_corners, mainiacjoe_overflow_brackets, temple_hall_moat,
          uniq_edmund
D:6:      layout_basic, nicolae_shop_i_like_big_books, minivault_4,
          kennysheep_small_square
D:7:      layout_basic

Skill      XL: |  1  2  3  4 |
---------------+-------------+-----
Axes           | 3 4 |  4.2
Armour         | 1 2 |  2.1
Dodging        | 3 |  3.2
Fighting       | |  3.7
Stealth        | |  0.5

Action                     |  1- 3 |  4- 6 || total
---------------------------+-------+-------++-------
  Melee: Hand axe          |    58 |    38 ||    96
         War axe           |       |    55 ||    55
    Use: Scroll            |       |     2 ||     2
         Potion            |       |     2 ||     2
 Armour: Ring mail         |    30 |    13 ||    43
         Robe              |     1 |       ||     1
         Chain mail        |       |    22 ||    22
  Dodge: Dodged            |    47 |    42 ||    89
